[Event "ICCopen2017"]
[Site "Internet Chess Club"]
[Date "2017.04.02"]
[Round "7"]
[White "Cjon"]
[Black "Hirsch"]
[Result "1/2-1/2"]
[ICCResult "Game drawn because neither player has mating material"]
[WhiteElo "1424"]
[BlackElo "1762"]
[Opening "Caro-Kann defense"]
[ECO "B12"]
[NIC "CK.01"]
[Time "20:19:57"]
[TimeControl "180+0"]

1. e4 c6 2. d4 e6 3. e5 g6 4. Nf3 Bg7 5. Bg5 Ne7 6. Bd3 h6 7. Bh4 d6 8. Bf6
Bxf6 9. exf6 Nd5 10. c3 Qxf6 11. Qc2 Nd7 12. Nbd2 e5 13. Ne4 Qe7 14. dxe5
Nxe5 15. Nxe5 dxe5 16. O-O-O f5 17. Ng3 e4 18. Rde1 O-O 19. Bc4 Be6 20. f3
e3 21. Re2 Nf4 22. Rxe3 Rae8 23. Rhe1 Qf7 24. Bxe6 Nxe6 25. Qb3 Ng5 26.
Qxf7+ Kxf7 27. Rxe8 Rxe8 28. Rxe8 Kxe8 29. Ne2 Kd7 30. Nd4 Kd6 31. Kd2 Nf7
32. f4 a6 33. Ke3 Nd8 34. Nf3 Ne6 35. Ne5 g5 36. Nf7+ Kd5 37. fxg5 hxg5 38.
g3 f4+ 39. gxf4 gxf4+ 40. Kf3 b5 41. h4 a5 42. h5 Nf8 43. Kxf4 Nh7 44. Kf5
c5 45. Kg6 Nf8+ 46. Kg7 Ne6+ 47. Kf6 Nf8 48. h6 b4 49. cxb4 axb4 50. Ke7 Nh7
51. Nd8 c4 52. Ne6 c3 53. bxc3 bxc3 54. Nf4+ Ke4 55. Ne2 c2 56. Nc1 Ke3 57.
Nb3 Kd3 58. Kf7 Ng5+ 59. Kg6 Ne6 60. h7 Nf8+ 61. Kg7 Nxh7 62. Kxh7 Kc3 63.
Kg6 Kb4 64. Kf5 Ka3 65. Ke4 Kxa2 66. Nc1+ Kb2 67. Nd3+ Kb1 68. Ke3 Ka2 69.
Kd2 Kb3 70. Nc1+ Kb2 71. Nd3+ Kb1 72. Nc1 Kb2 73. Nd3+ Kb3 74. Nc1+ Ka3 75.
Kxc2 {Game drawn because neither player has mating material} 1/2-1/2

[Event "ICCopen2017"]
[Site "Internet Chess Club"]
[Date "2017.04.02"]
[Round "7"]
[White "sparowe"]
[Black "DGint"]
[Result "0-1"]
[ICCResult "White forfeits on time"]
[WhiteElo "1319"]
[BlackElo "1745"]
[Opening "King's Indian: Sämisch, 5...O-O"]
[ECO "E81"]
[NIC "KI.54"]
[Time "20:19:35"]
[TimeControl "180+0"]

1. d4 Nf6 2. c4 g6 3. Nc3 Bg7 4. e4 d6 5. f3 O-O 6. Be3 c5 7. d5 Nbd7 8. Bd3
Ne5 9. Nge2 Nxd3+ 10. Qxd3 Nd7 11. f4 Qa5 12. O-O a6 13. Nc1 b5 14. Nb3 Qb6
15. cxb5 axb5 16. Qxb5 Qxb5 17. Nxb5 Ba6 18. Nc7 Bxf1 19. Nxa8 Bxg2 20. Kxg2
Rxa8 21. a4 Bxb2 22. Ra2 Bf6 23. a5 c4 24. Nd4 Nc5 25. Nc6 Nxe4 26. a6 c3
27. a7 Nc5 28. Ra5 c2 29. Rb5 Nd7 30. Nb8 Rxa7 31. Nxd7 Rxd7 32. Rb8+ Kg7
33. Rc8 Rb7 34. Rxc2 Rb3 35. Bf2 Rb2 36. Rxb2 Bxb2 37. h4 Kf6 38. Kf3 Kf5
39. Bb6 Bc1 40. Bd8 Bxf4 41. Bxe7 h6 42. Bf8 g5 43. Bxh6 g4+ 44. Kf2 Bxh6
45. h5 Kf4 46. Kg2 g3 47. Kh3 Kf3 48. Kh4 g2 49. Kh3 g1=Q
{White forfeits on time}
0-1

[Event "ICCopen2017"]
[Site "Internet Chess Club"]
[Date "2017.04.02"]
[Round "7"]
[White "iliketal"]
[Black "rencoroso"]
[Result "1/2-1/2"]
[ICCResult "Game drawn because neither player has mating material"]
[WhiteElo "1789"]
[BlackElo "1954"]
[Opening "Anderssen's opening"]
[ECO "A00"]
[NIC "VO.14"]
[Time "20:19:28"]
[TimeControl "180+0"]

1. a3 d5 2. b4 Nf6 3. Bb2 g6 4. e3 Bg7 5. Nf3 O-O 6. Be2 a5 7. O-O axb4 8.
axb4 Rxa1 9. Bxa1 Bf5 10. d3 c6 11. Nbd2 Nbd7 12. Re1 Ng4 13. h3 Nge5 14.
Bf1 Qb6 15. e4 Be6 16. c3 Ra8 17. Qb1 Nxf3+ 18. Nxf3 Ne5 19. Nd4 Qa6 20.
Nxe6 fxe6 21. c4 Qa2 22. exd5 Qxb1 23. Rxb1 exd5 24. cxd5 Nf3+ 25. gxf3 Rxa1
26. Rxa1 Bxa1 27. dxc6 bxc6 28. f4 Bc3 29. Bg2 Bxb4 30. Bxc6 Kf7 31. Kg2 Kf6
32. Kf3 Bc5 33. Be4 Bd4 34. Ke2 e6 35. f3 h5 36. Kd1 Be3 37. Ke2 Bxf4 38. d4
Kg5 39. Kf2 Kf6 40. d5 exd5 41. Bxd5 g5 42. Be4 Ke5 43. Kg2 Kd4 44. Bb7 Ke3
45. Ba8 h4 46. Bb7 Bg3 47. Ba8 Kf4 48. Bb7 Ke3 49. Ba8 Bf4 50. Bb7 Bg3 51.
Ba8 Bf4 52. Bb7 Bg3 53. Ba8 Kd4 54. Bb7 Kc5 55. Ba8 Kd6 56. Be4 Ke5 57. Kf1
Kd6 58. Kg2 Ke5 59. Kf1 Kf4 60. Kg2 Ke5 61. Kf1 Kd4 62. Kg2 Ke3 63. Kf1 Kd2
64. Kg2 Ke1 65. Bd5 Ke2 66. Bc6 Ke3 67. Bb7 Kf4 68. Ba8 Be1 69. Bb7 Bd2 70.
Ba8 Bc3 71. Bb7 Bd4 72. Ba8 Bc5 73. Bb7 Bd6 74. Bc8 Bc7 75. Bg4 Bd6 76. Kf1
Be5 77. Ke2 Kg3 78. Kd3 Bf4 79. Ke4 Bc1 80. Kf5 Bf4 81. Kg6 Bc1 82. Kh5 Bf4
83. Kh6 Bd2 84. Kh5 Kf4 85. Kh6 Ke5 86. Kh5 Kf6 87. Kh6 Kf7 88. Kh5 Kg7 89.
Bf5 Bf4 90. Bg4 Be3 91. Bd7 Bf4 92. Bc8 Be3 93. Bb7 Bf4 94. Be4 Be3 95. Bf5
Bf4 96. Bg4 Be3 97. f4 Bxf4 98. Bf3 Be3 99. Bg4 Bf4 100. Bf3 Be3 101. Bg4
Bf4 102. Bf3 Be3 103. Kg4 Bd4 104. Kxg5 Be5 105. Kxh4 Bf6+ 106. Kg4 Kh7 107.
h4 Bxh4 {Game drawn because neither player has mating material} 1/2-1/2

[Event "ICCopen2017"]
[Site "Internet Chess Club"]
[Date "2017.04.02"]
[Round "7"]
[White "Koval"]
[Black "leonardoalmeida"]
[Result "1-0"]
[ICCResult "Black forfeits on time"]
[WhiteElo "1947"]
[BlackElo "1756"]
[Opening "Queen's gambit accepted"]
[ECO "D20"]
[NIC "QG.03"]
[Time "20:19:34"]
[TimeControl "180+0"]

1. d4 d5 2. c4 dxc4 3. Nc3 e6 4. e3 a6 5. Bxc4 b5 6. Qf3 Ra7 7. Bb3 Bb7 8.
Qg3 Nf6 9. Nf3 Nbd7 10. O-O g6 11. Re1 Nh5 12. Qh3 Bg7 13. a3 O-O 14. e4 c5
15. d5 c4 16. Bc2 exd5 17. exd5 Nc5 18. Be3 Qc7 19. Rad1 Raa8 20. Bd4 Bxd4
21. Rxd4 Rfe8 22. Red1 Qd6 23. Ng5 h6 24. Nge4 Nxe4 25. Nxe4 Qb6 26. g4 Nf4
27. Qf3 g5 28. h4 Rxe4 29. Bxe4 Re8 30. hxg5 hxg5 31. Qe3 Kg7 32. d6 Bxe4
33. Rxe4 Qxe3 34. Rxe3 Rd8 35. d7 Ne6 36. Re5 Kf6 37. Rf5+ Ke7 38. f3 Rxd7
39. Rxf7+ Kxf7 40. Rxd7+ Kf6 41. Ra7 Nc5 42. Rc7 Nd3 43. Rc6+ Ke5 44. Rxa6
Kf4 45. Rb6 Nxb2 46. Rxb5 Nd3 47. Rb6 Kxf3 48. Rc6 Nf4 49. Rxc4 Kxg4 50. a4
Kf5 51. Rc5+ Kf6 52. a5 Nd3 53. Rc6+ Ke5 54. a6 Kd5 55. Rc7 Nb4 56. a7
{Black forfeits on time}
1-0

[Event "ICCopen2017"]
[Site "Internet Chess Club"]
[Date "2017.04.02"]
[Round "7"]
[White "MrNobody84"]
[Black "Casper2016"]
[Result "1-0"]
[ICCResult "Black forfeits on time"]
[WhiteElo "1627"]
[BlackElo "1214"]
[Opening "Van't Kruijs opening"]
[ECO "A00"]
[Time "20:19:41"]
[TimeControl "180+0"]

1. e3 e5 2. Ne2 Nf6 3. d4 e4 4. c4 d5 5. Nbc3 c6 6. Ng3 Qa5 7. Bd2 Bb4 8. a3
Be7 9. Nxd5 Qd8 10. Nxf6+ Bxf6 11. Nxe4 O-O 12. Nxf6+ Qxf6 13. Bc3 Qe7 14.
Bd3 Nd7 15. d5 cxd5 16. cxd5 Nf6 17. O-O Bg4 18. Qb3 Rfd8 19. e4 Nxe4 20.
Rfe1 Nc5 21. Rxe7 Nxb3 22. Rxb7 Nxa1 23. Bc4 Nc2 24. f3 Bf5 25. g4 Bg6 26.
f4 h6 27. f5 Bh7 28. Ba5 Re8 29. d6 Red8 30. Rxf7 Kh8 31. Bc3 Ne3 32. Rxg7
{Black forfeits on time}
1-0

[Event "ICCopen2017"]
[Site "Internet Chess Club"]
[Date "2017.04.02"]
[Round "7"]
[White "MeneerMandje"]
[Black "Harmony1957"]
[Result "0-1"]
[ICCResult "White resigns"]
[WhiteElo "1971"]
[BlackElo "2225"]
[Opening "Sicilian defense"]
[ECO "B32"]
[NIC "SI.32"]
[Time "20:19:52"]
[TimeControl "180+0"]

1. e4 c5 2. Nf3 Nc6 3. d4 cxd4 4. Nxd4 Qb6 5. Nb3 Nf6 6. Nc3 e6 7. Be3 Qc7
8. Bd3 a6 9. O-O Be7 10. h3 b5 11. a3 d6 12. Kh1 Bb7 13. f4 O-O 14. Qf3 b4
15. axb4 Nxb4 16. Nd4 Rae8 17. Qg3 Nd7 18. f5 e5 19. f6 Bxf6 20. Nf5 Kh8 21.
Rf3 Nxd3 22. cxd3 Nc5 23. Raf1 Qd8 24. Bxc5 dxc5 25. Ne3 Bh4 26. Qg4 Bc8 27.
Nf5 Bg5 28. h4 Bxf5 29. Rxf5 Bxh4 30. Nd5 Bf6 31. Rh5 Re6 32. Rf3 h6 33.
Rfh3 Be7 34. Ne3 Rg6 35. Qf3 Qxd3 36. Kh2 Bg5 37. Nf5 Bf4+ 38. Qxf4 Qxh3+
39. Kxh3 exf4 40. Ne7 Re6 41. Nd5 Rxe4 42. Kh4 f3+ 43. g4 f2 44. Rf5 Re2 45.
Nf4 f1=Q 46. Nxe2 Qxe2 {White resigns} 0-1

[Event "ICCopen2017"]
[Site "Internet Chess Club"]
[Date "2017.04.02"]
[Round "7"]
[White "Djukanyc"]
[Black "FGM21"]
[Result "0-1"]
[ICCResult "White forfeits on time"]
[WhiteElo "1690"]
[BlackElo "1910"]
[Opening "Scotch gambit: Dubois-Réti defense"]
[ECO "C55"]
[NIC "KP.02"]
[Time "20:19:33"]
[TimeControl "180+0"]

1. e4 e5 2. Nf3 Nc6 3. d4 exd4 4. Bc4 Nf6 5. e5 d5 6. Bb5 Ne4 7. Nxd4 Bc5 8.
Be3 Bd7 9. Bxc6 bxc6 10. O-O O-O 11. f3 Ng5 12. f4 Ne4 13. Nd2 f5 14. Nxe4
fxe4 15. Qd2 Bb6 16. Nb3 Qe7 17. Qc3 a5 18. Bc5 Bxc5+ 19. Nxc5 Bf5 20. Qd4
h5 21. Rad1 a4 22. Nxa4 Rfb8 23. a3 Rb5 24. b3 g6 25. Nc3 Rba5 26. a4 Kh7
27. b4 R5a6 28. Ra1 e3 29. Rfc1 Rb8 30. b5 Ra5 31. bxc6 Rb4 32. Nxd5 Rxd4
33. Nxe7 Be4 34. e6 Rd2 35. Nc8 Rxg2+ 36. Kf1 Rxh2 37. e7 Bxc6
{White forfeits on time}
0-1

[Event "ICCopen2017"]
[Site "Internet Chess Club"]
[Date "2017.04.02"]
[Round "7"]
[White "Wilsonpalencia"]
[Black "Red-white"]
[Result "0-1"]
[ICCResult "White forfeits on time"]
[WhiteElo "2524"]
[BlackElo "2894"]
[Opening "Pirc: Austrian attack, 6.e5"]
[ECO "B07"]
[NIC "PU.06"]
[Time "20:19:16"]
[TimeControl "180+0"]

1. e4 d6 2. d4 g6 3. Nc3 Bg7 4. f4 Nf6 5. Nf3 O-O 6. e5 Nfd7 7. h4 c5 8. h5
cxd4 9. hxg6 hxg6 10. Qxd4 dxe5 11. fxe5 Nxe5 12. Qh4 Nxf3+ 13. gxf3 f5 14.
Bc4+ e6 15. Qh7+ Kf7 16. Bh6 Qd4 17. Ne2 Qf6 18. Nf4 Rh8 19. Bxg7 Rxh7 20.
Rxh7 Qxg7 21. Rxg7+ Kxg7 22. Bxe6 Nc6 23. Bd5 Bd7 24. O-O-O Kf6 25. Bc4 Ne5
26. Bb3 Bc6 27. Rd6+ Kg5 28. Ne6+ Kh4 29. f4 Nf3 30. Nc5 Re8 31. Nd3 g5 32.
Rh6+ Kg3 33. fxg5 Nxg5 34. Rg6 Kh4 35. Nf4 Re4 36. Nd3 f4 37. Kd2 f3 38. Rf6
Re2+ 39. Kd1 Kg3 40. Nf4 Rh2 41. Bf7 f2 42. Nh5+ Kg4 {White forfeits on
time} 0-1

[Event "ICCopen2017"]
[Site "Internet Chess Club"]
[Date "2017.04.02"]
[Round "7"]
[White "Rluis"]
[Black "blackending"]
[Result "1-0"]
[ICCResult "Black checkmated"]
[WhiteElo "1292"]
[BlackElo "1508"]
[Opening "Sicilian: closed"]
[ECO "B23"]
[NIC "SI.44"]
[Time "20:19:21"]
[TimeControl "180+0"]

1. e4 c5 2. Nc3 d6 3. Bc4 e6 4. d3 Nf6 5. f4 g6 6. Nf3 Bg7 7. O-O O-O 8. Qe1
a6 9. f5 b5 10. Bb3 d5 11. e5 Nfd7 12. f6 Bh8 13. Nxd5 exd5 14. Bxd5 Ra7 15.
e6 Nxf6 16. exf7+ Rfxf7 17. Bxf7+ Rxf7 18. Bg5 Qe8 19. Bxf6 Qxe1 20. Raxe1
Bxf6 21. Re8+ Rf8 22. Rxf8+ Kxf8 23. Ne5 Ke7 24. Re1 Bxe5 25. Rxe5+ Kd6 26.
Re8 Kd7 27. Rh8 h5 28. Rg8 Nc6 29. Rxg6 Nd4 30. c3 Ne2+ 31. Kf2 Nf4 32. Rg7+
Kc6 33. Ke3 Nd5+ 34. Kd2 a5 35. h3 b4 36. Rh7 bxc3+ 37. bxc3 Nf4 38. g3 Nxh3
39. Rxh5 Nf2 40. Rg5 Ng4 41. Rg6+ Kc7 42. d4 cxd4 43. cxd4 Bd7 44. Kc3 Ne3
45. Rg7 Kd6 46. a3 Nd5+ 47. Kd3 Bf5+ 48. Ke2 Nc3+ 49. Kf3 Be6 50. Ra7 Nb5
51. Rxa5 Nxd4+ 52. Kf4 Nb3 53. Ra6+ Ke7 54. Ke5 Bc4 55. Ra7+ Kd8 56. g4 Ke8
57. g5 Kf8 58. g6 Kg8 59. Kf6 Nc5 60. Ra8# {Black checkmated} 1-0

[Event "ICCopen2017"]
[Site "Internet Chess Club"]
[Date "2017.04.02"]
[Round "7"]
[White "Last7Samurai"]
[Black "DaGame"]
[Result "1-0"]
[ICCResult "Black forfeits on time"]
[WhiteElo "2730"]
[BlackElo "2708"]
[Opening "Sicilian defense"]
[ECO "B40"]
[NIC "SI.43"]
[Time "20:19:49"]
[TimeControl "180+0"]

1. e4 c5 2. Nf3 e6 3. b3 b6 4. Bd3 Bb7 5. O-O Nc6 6. c3 Nf6 7. Re1 d6 8. Bc2
Be7 9. a3 e5 10. d4 cxd4 11. cxd4 exd4 12. Bb2 O-O 13. Nxd4 Nxd4 14. Bxd4
Re8 15. Nc3 Bf8 16. Qd3 Rc8 17. Rad1 g6 18. h3 Bg7 19. Qd2 Qe7 20. Bb1 Bc6
21. Qb2 Nh5 22. Bxg7 Nxg7 23. Qd2 Bb7 24. Nb5 Red8 25. Nxd6 Ne8 26. Nxc8
Rxc8 27. Qd7 Rc7 28. Qxe7 Rxe7 29. f3 Nc7 30. Kf2 Nb5 31. Bd3 Nd4 32. Bc4
Nc2 33. Rd8+ Kg7 34. Rc1 Nxa3 35. Bd3 b5 36. Ra1 b4 37. Rc1 a6 38. Rc5 h5
39. h4 Kf6 40. Ke3 Kg7 41. Rd6 Kh7 42. g3 Kg7 43. Rb6 Nb5 44. Bxb5 axb5 45.
Rcxb5 Bc8 46. Rxb4 Be6 47. Rd4 Rc7 48. Rd3 Rc1 49. b4 Rg1 50. Kf2 Rb1 51.
Ke3 Rg1 52. Kf4 Rb1 53. Rc3 Kf6 54. Rc7 Rb3 55. e5+ Kg7 56. Rxe6 Rxb4+ 57.
Kg5 Rb3 58. Rxg6+ Kf8 59. Rf6 Rb5 60. Rfxf7+ Kg8 61. Kg6 Rb6+ 62. Rf6 Rb8
63. Rg7+ Kh8 64. Rh7+ Kg8 65. Rd7 Re8 66. e6 Rb8 67. e7 {Black forfeits on
time} 1-0

[Event "ICCopen2017"]
[Site "Internet Chess Club"]
[Date "2017.04.02"]
[Round "7"]
[White "xvs"]
[Black "Svinotigr"]
[Result "1/2-1/2"]
[ICCResult "Game drawn because neither player has mating material"]
[WhiteElo "1869"]
[BlackElo "1777"]
[Opening "Philidor: Hanham variation"]
[ECO "B07"]
[NIC "VO.17"]
[Time "20:20:18"]
[TimeControl "180+0"]

1. e4 d6 2. Nf3 Nd7 3. d4 e5 4. Nc3 g6 5. Bg5 Ngf6 6. Bc4 Bg7 7. O-O O-O 8.
Bb3 c6 9. Qd2 Qe7 10. Rad1 a5 11. a4 h5 12. h3 Re8 13. Rfe1 Nf8 14. Bh4 N8h7
15. Ng5 Rf8 16. dxe5 dxe5 17. Qe3 Qb4 18. Nxh7 Nxh7 19. Bg3 Qe7 20. Rd2 Be6
21. Red1 Bxb3 22. cxb3 Rfd8 23. Qe2 Rxd2 24. Rxd2 Rd8 25. Rxd8+ Qxd8 26. Kf1
Qd4 27. f3 Bf6 28. Bf2 Qb4 29. Qc4 Ng5 30. Bc5 Qxc4+ 31. bxc4 Ne6 32. Bd6
Bg5 33. Ne2 Be3 34. Bxe5 Nc5 35. Nc3 Bd2 36. Nb1 Bb4 37. Bc3 Nxa4 38. Bxb4
axb4 39. b3 Nb2 40. Ke2 b5 41. cxb5 cxb5 42. Kd2 f5 43. exf5 gxf5 44. Kc2
Nc4 45. bxc4 bxc4 46. Nd2 c3 47. Nb3 Kf7 48. Nd4 Kf6 49. Nc6 Kg5 50. Nxb4
Kf4 51. Nd5+ Kg3 52. Ne3 f4 53. Nd5 Kxg2 54. Nxf4+ Kxf3 55. Nxh5 Kg2 56.
Nf4+ Kg3 57. Ne2+ Kxh3 58. Nxc3
{Game drawn because neither player has mating material}
1/2-1/2

[Event "ICCopen2017"]
[Site "Internet Chess Club"]
[Date "2017.04.02"]
[Round "7"]
[White "Mmario"]
[Black "Commando"]
[Result "1-0"]
[ICCResult "Black checkmated"]
[WhiteElo "2698"]
[BlackElo "2506"]
[Opening "King's Indian: Sämisch, orthodox main line"]
[ECO "E89"]
[NIC "KI.52"]
[Time "20:19:43"]
[TimeControl "180+0"]

1. d4 Nf6 2. c4 g6 3. Nc3 Bg7 4. e4 d6 5. f3 O-O 6. Nge2 e5 7. d5 c6 8. Be3
cxd5 9. cxd5 a6 10. Qd2 b5 11. Nc1 Nbd7 12. Nb3 Bb7 13. Be2 Rc8 14. O-O Nh5
15. Rfc1 f5 16. a3 Nf4 17. Bf1 fxe4 18. fxe4 Nf6 19. g3 N4h5 20. Bh3 Rc4 21.
Qd3 Bc8 22. Bxc8 Rxc8 23. Nd2 Ng4 24. Rf1 Nhf6 25. Kg2 Nxe3+ 26. Qxe3 Qd7
27. Rac1 Ng4 28. Qb6 Bh6 29. Nf3 Ne3+ 30. Kg1 Qh3 31. Rf2 Ng4 32. Re1 Rxf3
33. Rxf3 Qxh2+ 34. Kf1 Qh1+ 35. Ke2 Qg2+ 36. Rf2 Qxg3 37. Ref1 Nxf2 38. Rxf2
Qg4+ 39. Kd3 Qd7 40. Rf6 Bf8 41. Re6 Be7 42. Qxa6 g5 43. Kc2 g4 44. Kb3 g3
45. Qb6 Rc5 46. Qb8+ Kg7 47. Ne2 g2 48. Ng3 b4 49. Nf5+ Kf7 50. Nh6+ Kg7 51.
Qg8# {Black checkmated} 1-0

[Event "ICCopen2017"]
[Site "Internet Chess Club"]
[Date "2017.04.02"]
[Round "7"]
[White "cheslikeyomama"]
[Black "giovana64"]
[Result "0-1"]
[ICCResult "White forfeits on time"]
[WhiteElo "1414"]
[BlackElo "1631"]
[Opening "Old Benoni defense"]
[ECO "A43"]
[NIC "OI.09"]
[Time "20:19:33"]
[TimeControl "180+0"]

1. d4 c5 2. e3 cxd4 3. exd4 d6 4. f4 e6 5. Nf3 Nf6 6. c3 Be7 7. Bd3 O-O 8.
O-O a6 9. Ng5 b5 10. Nd2 Bb7 11. Qc2 h6 12. Nge4 Nbd7 13. Qd1 Nxe4 14. Nxe4
Nf6 15. Nxf6+ Bxf6 16. g4 b4 17. Qe1 bxc3 18. bxc3 a5 19. Qg3 Bh4 20. Qh3
Bf6 21. g5 Be7 22. gxh6 g6 23. h7+ Kh8 24. Qg4 f5 25. Qxg6 Bf6 26. Bc4 d5
27. Be2 Ba6 28. Bxa6 Rxa6 29. Rf2 Ra7 30. Rg2 Rg7 31. Qh5 Rxh7 32. Qe2 Qd7
33. Ba3 Rg8 34. Rxg8+ Kxg8 35. Re1 Rg7+ 36. Kh1 Qf7 37. Qxe6 Qxe6 38. Rxe6
Kf7 39. Ra6 Be7 40. Ra7 Kf6 41. Bxe7+ Rxe7 42. Rxa5 Re1+ 43. Kg2 Re2+ 44.
Kf3 Rf2+ {White forfeits on time} 0-1

[Event "ICCopen2017"]
[Site "Internet Chess Club"]
[Date "2017.04.02"]
[Round "7"]
[White "kaimann"]
[Black "newtonpp"]
[Result "1-0"]
[ICCResult "Black resigns"]
[WhiteElo "1867"]
[BlackElo "1501"]
[Opening "Benko's opening"]
[ECO "A00"]
[NIC "VO.09"]
[Time "20:20:11"]
[TimeControl "180+0"]

1. g3 Nf6 2. Bg2 g6 3. e4 Bg7 4. e5 Ng8 5. f4 d6 6. exd6 cxd6 7. Nf3 Nc6 8.
O-O Nf6 9. h3 O-O 10. d4 Nd5 11. c4 Nc7 12. Nc3 e5 13. d5 Nd4 14. Nxd4 exd4
15. Ne4 f5 16. Nf2 Na6 17. Nd3 Nc5 18. b4 Re8 19. bxc5 dxc5 20. Re1 b6 21.
Rxe8+ Qxe8 22. Qf3 Bb7 23. Bd2 Qa4 24. Re1 Qxa2 25. Re2 Rd8 26. Kh2 Qxc4 27.
Ne5 Qxd5 28. Qxd5+ Bxd5 29. Bxd5+ Rxd5 30. Nc6 a5 31. Ne7+ Kf7 32. Nxd5 b5
33. Bxa5 c4 34. Bb4 d3 35. Re7+ Kg8 36. Rb7 {Black resigns} 1-0

[Event "ICCopen2017"]
[Site "Internet Chess Club"]
[Date "2017.04.02"]
[Round "7"]
[White "kamalchandran"]
[Black "markovichgoran"]
[Result "0-1"]
[ICCResult "White forfeits on time"]
[WhiteElo "1836"]
[BlackElo "2397"]
[Opening "King's pawn game"]
[ECO "C50"]
[NIC "IG.03"]
[Time "20:19:11"]
[TimeControl "180+0"]

1. e4 e5 2. Nf3 Nc6 3. Bc4 g6 4. d3 Bg7 5. Nc3 h6 6. O-O Nge7 7. Be3 d6 8.
d4 exd4 9. Nxd4 O-O 10. Nxc6 bxc6 11. Bd4 d5 12. Bxg7 Kxg7 13. exd5 Kg8 14.
dxc6 Nxc6 15. Qxd8 Rxd8 16. Rad1 Bf5 17. Bb3 Nb4 18. Nb5 c6 19. Nd4 Bd7 20.
c3 Na6 21. Rfe1 Kf8 22. Nf3 Bg4 23. h3 Bxf3 24. gxf3 Nc5 25. Rxd8+ Rxd8 26.
Rd1 Rb8 27. Rd6 Nxb3 28. axb3 Rxb3 29. Rxc6 Rxb2 30. Ra6 Rc2 31. Rxa7 Rxc3
32. Kg2 Kg7 33. Kg3 h5 34. h4 Rc1 35. Kg2 Rc4 36. Kg3 Rc6 37. Kg2 Rf6 38.
Kg3 Rf5 39. Rb7 Ra5 40. Rc7 Ra6 41. f4 Kf6 42. Rb7 Ra3+ 43. f3 Ra1 44. Kg2
Ra4 45. Kg3 Kg7 46. Rc7 Rb4 47. Ra7 Rc4 48. Rb7 Rc6 49. Ra7 Rb6 50. Rc7 Ra6
51. Rb7 Rf6 52. Ra7 Rf5 53. Rb7 Kh6 54. Rb8 Rd5 55. Rb7 Kg7 56. Ra7 Rd1 57.
Kg2 Kf6 58. Rb7 Ke6 59. Ra7 Rb1 60. Rc7 f6 61. Rg7 Kf5 62. Rf7 Rb4 63. Kg3
Rb1 64. Kg2 Ke6 65. Rg7 Kf5 66. Rf7 Rb4 67. Kg3 Rb8 68. Ra7 Rb5 69. Rf7 Rb3
70. Rf8 Rb6 71. Rf7 Ra6 72. Rb7 Ra5 73. Rf7 Rc5 74. Rb7 Rd5 75. Ra7 Rb5 76.
Rc7 Ra5 77. Rb7 Rc5 78. Ra7 Rb5 79. Rc7 g5 80. fxg5 fxg5 81. Rg7 g4 82.
fxg4+ Kf6 83. Ra7 Rb3+ 84. Kf4 Rb4+ 85. Kg3 hxg4 86. Ra6+ Kf5 87. Ra5+ Kg6
88. Rg5+ Kh6 89. Rxg4 Rb3+ 90. Kf4 Kh5 91. Rg5+ Kxh4 92. Rg8 Rb4+ 93. Kf5
Kh3 94. Ke6 Re4+ 95. Kd7 Ra4 96. Kc6 Kh4 97. Kb5 Ra1 98. Rh8+ Kg5 99. Rg8+
Kf6 100. Rc8 Ke7 101. Rc6 Rb1+ 102. Ka5 Kd7 103. Rb6 Ra1+ 104. Kb5 Kc7 105.
Rc6+ Kd7 106. Rh6 Rb1+ 107. Kc4 Rc1+ 108. Kd3 Rg1 109. Ke2 Ke7 110. Rh7+ Kf6
111. Ra7 Rg2+ 112. Kf1 Rg8 113. Ra6+ Kf5 114. Ra5+ Ke4 115. Ke1 Kd3 116. Kd1
Rc8 117. Ra3+ Kc4 118. Rh3 Kb4 119. Ke2 Kb5 120. Kf3 Re8 121. Rh4 Rf8+ 122.
Kg2 Kb6 123. Kh2 Rf2+ 124. Kg3 Rb2 125. Rh6+ Kb5 {White forfeits on time}
0-1

[Event "ICCopen2017"]
[Site "Internet Chess Club"]
[Date "2017.04.02"]
[Round "7"]
[White "PITCHUS"]
[Black "NJSKing"]
[Result "1/2-1/2"]
[ICCResult "Black stalemated"]
[WhiteElo "1726"]
[BlackElo "2109"]
[Opening "King's Indian: fianchetto, classical variation"]
[ECO "E67"]
[NIC "KI.65"]
[Time "20:19:50"]
[TimeControl "180+0"]

1. Nf3 Nf6 2. g3 g6 3. Bg2 Bg7 4. O-O O-O 5. c4 d6 6. Nc3 e5 7. d4 Nbd7 8.
dxe5 Nxe5 9. Nxe5 dxe5 10. Qxd8 Rxd8 11. Bg5 Re8 12. Nb5 Re7 13. Rad1 h6 14.
Rd8+ Kh7 15. Be3 a6 16. Bc5 Re8 17. Rxe8 Nxe8 18. Nc3 Rb8 19. Rd1 b6 20. Be7
Be6 21. b3 b5 22. cxb5 axb5 23. Bc6 b4 24. Nb5 Bf6 25. Bxe8 Bxe7 26. Nxc7
Bh3 27. Bxf7 Rc8 28. Be6 Rxc7 29. Bxh3 Kg7 30. Rd2 Kf6 31. e3 h5 32. Bf1 Rc1
33. Kg2 g5 34. h3 g4 35. hxg4 hxg4 36. Be2 Kf5 37. Rd7 Bc5 38. Bd3+ e4 39.
Rd5+ Ke6 40. Bxe4 Rc3 41. Rg5 Rc1 42. Bf5+ Kf6 43. Rh5 Ra1 44. Bxg4 Be7 45.
Rh6+ Kg7 46. Ra6 Bf6 47. Bf5 Bc3 48. g4 Rd1 49. g5 Rd2 50. Ra7+ Kg8 51. Kg3
Be5+ 52. Kf3 Bd6 53. g6 Bf8 54. Kg4 Rd1 55. Kg5 Rg1+ 56. Kf6 Rg2 57. Ra8
Rxf2 58. g7 Rxf5+ 59. Kxf5 Kh7 60. Rb8 Kh6 61. Rxb4 Kh5 62. gxf8=Q
{Black stalemated}
1/2-1/2

[Event "ICCopen2017"]
[Site "Internet Chess Club"]
[Date "2017.04.02"]
[Round "7"]
[White "akibael"]
[Black "RobertoJBM"]
[Result "1-0"]
[ICCResult "Black checkmated"]
[WhiteElo "2200"]
[BlackElo "2571"]
[Opening "Réti opening"]
[ECO "A04"]
[NIC "QP.11"]
[Time "20:20:17"]
[TimeControl "180+0"]

1. Nf3 c6 2. d4 d5 3. Nc3 Bf5 4. g3 Nd7 5. Bg2 h6 6. O-O Ngf6 7. Re1 Bh7 8.
Ne5 e6 9. e4 Nxe5 10. dxe5 Nxe4 11. Nxe4 Bxe4 12. Bxe4 dxe4 13. Qg4 Qd5 14.
Qxe4 Qxe4 15. Rxe4 O-O-O 16. Be3 b6 17. Rd4 Rxd4 18. Bxd4 Be7 19. Bc3 Rd8
20. f4 Kb7 21. Kf1 b5 22. Ke2 c5 23. b3 Kc6 24. Rf1 g6 25. g4 b4 26. Bb2 c4
27. bxc4 Kc5 28. f5 gxf5 29. gxf5 Kxc4 30. fxe6 fxe6 31. Rf7 Bg5 32. Rc7+
Kb5 33. Rb7+ Kc5 34. a3 a5 35. axb4+ axb4 36. Rc7+ Kb6 37. Rc4 Kb5 38. Rd4
Rc8 39. Kd3 Rf8 40. Rd6 Rf3+ 41. Ke2 Rh3 42. Rxe6 Rxh2+ 43. Kd3 Rd2+ 44. Ke4
Rxc2 45. Bd4 Re2+ 46. Kd5 Rd2 47. Rb6+ Ka4 48. Ke4 Re2+ 49. Kd5 Rd2 50. Ke4
Ka5 51. Rb7 Re2+ 52. Kd5 Rd2 53. Ke4 Rc2 54. e6 Rc8 55. Kd5 Ka6 56. Ra7+ Kb5
57. Rb7+ Ka4 58. Bc5 Rd8+ 59. Kc4 Re8 60. Ra7# {Black checkmated} 1-0

[Event "ICCopen2017"]
[Site "Internet Chess Club"]
[Date "2017.04.02"]
[Round "7"]
[White "Discoverchess"]
[Black "makingnosense"]
[Result "0-1"]
[ICCResult "White forfeits on time"]
[WhiteElo "2595"]
[BlackElo "2130"]
[Opening "Catalan: closed, 5.Nf3"]
[ECO "E06"]
[NIC "CA.04"]
[Time "20:19:47"]
[TimeControl "180+0"]

1. Nf3 Nf6 2. c4 e6 3. g3 d5 4. Bg2 Be7 5. d4 O-O 6. Qc2 c5 7. O-O cxd4 8.
Nxd4 e5 9. Nf5 d4 10. Nxe7+ Qxe7 11. Bg5 Nc6 12. e3 h6 13. Bxf6 Qxf6 14. Nd2
Bg4 15. Ne4 Qe7 16. a3 f5 17. Nd2 Be2 18. Rfe1 d3 19. Qc3 e4 20. b4 Ne5 21.
c5 Qe6 22. Rac1 a5 23. b5 a4 24. c6 bxc6 25. bxc6 Rfc8 26. c7 Ra7 27. Qd4
Nc6 28. Rxc6 Qxc6 29. Qd8+ Qe8 30. Qd5+ Kh8 31. Qxf5 Raxc7 32. Bxe4 Qg8 33.
Bxd3 Rc1 34. Rxc1 Rxc1+ 35. Kg2 Bxd3 36. Qxd3 Qa8+ 37. e4 Qc6 38. Nf3 Rc3
39. Qd8+ Kh7 40. Nd2 Rc2 41. h4 Rc3 42. h5 Rxa3 43. Qd4 Ra2 44. Nf3 Qf6 45.
e5 Qc6 46. Qd3+ Kg8 47. Qe3 Rb2 48. e6 Rb3 49. Qe2 Kf8 50. e7+ Ke8 51. Kh2
Rxf3 52. Qd2 Kxe7 53. Qe2+ Kd7 54. Qd2+ Kc7 55. Qe2 Kb7 56. Qb2+ Rb3 57.
Qxg7+ Kb6 58. Qd4+ Kb5 59. Qe5+ Kb4 60. Qe7+ Qc5 61. Qe1+ Kc4 62. Qc1+ Kb4
63. Qd2+ Ka3 64. Qd1 Qc3 65. Qd5 Ka2 66. Qd1 a3 67. Qe2+ Qb2 68. Qe6 Ka1 69.
Qd7 Qb1 70. Kh3 Rb2 71. Qd4 Qf5+ {White forfeits on time} 0-1